AoeStats
← Look There ->

Arabia

510174708Analyzed
1v1 RM · 3d ago on Sep 29, 2026· 19m 35s· 2 players
Game mode
Random Map
Map size
Tiny (2 player)
Population
200
Speed
Normal
Resources
Standard
Victory
Conquest
Starting age
Dark Age
Ending age
Imperial Age
RankedLock teamsTeams togetherTeam positionsShared explorationLock speedFull tech treeHidden civsTurbo modeCheats
Victory
Defeat
🇮🇳 Khitans · India
1631
+17
🇬🇧 Burmese · United Kingdom
1643
-17
Look There ->
7:08 Loom
9:28 Feudal Age
9:49 Man-at-Arms
13:05 Double-Bit Axe
14:16 Fletching
21:01 Castle Age
19:04 Domestication
J0N-PERKiNS
5:19 Loom
9:07 Feudal Age
9:22 Man-at-Arms
19:57 Padded Archer Armor
19:48 Fletching
Connection lost

Rejoining the realm…

Still unreachable

The connection could not be restored.

Session expired

The server has moved on; the page needs a fresh start.